 Dungeon Crawl Stone Soup version 0.23.2-30-g0e89c35649 (webtiles) character file.

Game seed: 10953992540270203148

903 TrebMcFLY the Chopper (level 8, 0/70 HPs)
             Began as a Hill Orc Fighter on June 17, 2019.
             Was an Initiate of Makhleb.
             Slain by an ice beast (3 damage)
             ... on level 5 of the Dungeon.
             The game lasted 00:14:34 (4963 turns).

TrebMcFLY the Chopper (Hill Orc Fighter)            Turns: 4963, Time: 00:14:35

Health: 0/70       AC: 11    Str: 21    XL:     8   Next: 7%
Magic:  9/9        EV:  5    Int:  8    God:    Makhleb [......]
Gold:   214        SH: 11    Dex: 10    Spells: 7/7 levels left

rFire    . . .     SeeInvis .   a - +0 war axe
rCold    . . .     Gourm    .   c - +1 shield
rNeg     . . .     Faith    .   i - +0 chain mail
rPois    +         Spirit   .   (no helmet)
rElec    .         Reflect  .   y - +0 cloak
rCorr    .         Harm     .   (no gloves)
MR       .....                  (no boots)
Stlth    ..........             (no amulet)
HPRegen  0.21/turn              p - ring of poison resistance
MPRegen  0.11/turn              (no ring)

@: no status effects
A: no striking features
a: Renounce Religion


You were on level 5 of the Dungeon.
You worshipped Makhleb.
Makhleb was noncommittal.
You were not hungry.

You visited 1 branch of the dungeon, and saw 5 of its levels.
You also visited: Sewer.

You collected 214 gold pieces.

Inventory:

Hand Weapons
 a - a +0 war axe (weapon)
 b - the +4 short sword of Dissent {pain, Str+4}
   (You found it on level 4 of the Dungeon)

   In the hands of one skilled in necromantic magic, it inflicts extra damage on
   living creatures.
   It affects your strength (+4).
Armour
 c - a +1 shield (worn)
 i - a +0 chain mail (worn)
 y - a +0 cloak (worn)
Jewellery
 p - a ring of poison resistance (left hand)
Wands
 g - a wand of flame (24)
Scrolls
 h - 2 scrolls of immolation
 j - 2 scrolls of fog {unknown}
 n - 2 scrolls of teleportation
 s - 2 scrolls of fear {unknown}
 u - 5 scrolls of identify
 x - a scroll of enchant armour
Potions
 d - a potion of might
 e - a potion of mutation {unknown}
 k - a potion of berserk rage {unknown}
 l - a potion of lignification {unknown}
 m - 3 potions of heal wounds
 o - 2 potions of curing
 q - a potion of haste {unknown}
 r - 2 potions of magic {unknown}
 t - a potion of brilliance {unknown}
 v - 2 potions of degeneration {unknown}
 w - a potion of flight {unknown}
 B - a potion of ambrosia {unknown}
Comestibles
 f - 8 rations


   Skills:
 + Level 5.7 Fighting
 * Level 7.5 Axes
 + Level 5.2 Armour
 + Level 5.3 Shields
 + Level 0.9 Invocations
 + Level 2.2 Evocations


You had 7 spell levels left.
You didn't know any spells.
Your spell library was empty.

Dungeon Overview and Level Annotations

Branches:
Dungeon (5/15)             Temple (0/1) D:4

Altars:
Elyvilon
Gozag
Hepliaklqana
Makhleb
Qazlal
Ru
Sif Muna
The Shining One

Annotations:
D:4 1 transporter, DKeggars's ghost, novice GrFi


Message History

* * * LOW HITPOINT WARNING * * *
You slash the orc priest!
You kill the orc priest!
Makhleb accepts your kill.
You hit the ice beast but do no damage. You miss something.
You block the ice beast's attack. Something completely misses you.
The ice beast hits you but does no damage.
Something hits you but does no damage.
Things that are here:
a +0 trident; a +0 leather armour You completely miss something.
Something hits you but does no damage. The ice beast hits you.
* * * LOW HITPOINT WARNING * * *
The ice beast freezes you!
* * * LOW HITPOINT WARNING * * *
You barely miss something. You hit the ice beast.
The crimson imp blinks!
You block something's attack. You block the ice beast's attack.
You miss something. You hit the ice beast but do no damage.
Something hits you but does no damage. The ice beast hits you.
You die...

####. ##....#.....
..#..##.5.<.......
#......).........
.#................
..................
#............#....
#......ยง.....##...
......Y).##### ...
.......@.# ..
...............
...............
......###......
...... .#....
...... ......
####.. ...... #.
....#


You could see an ice beast and a crimson imp.

Vanquished Creatures
  A sky beast (D:4)
  2 ogres (D:4)
  A scorpion (D:4)
  A crimson imp (D:4)
  A bullfrog zombie (D:5)
  3 orc wizards
  2 orc priests
  3 worker ants (D:4)
  3 hound skeletons (D:4)
  4 gnolls
  2 river rats (Sewer)
  10 adders
  2 oozes
  6 worms
  6 dart slugs
  2 leopard geckos (D:1)
  10 orcs
  5 ball pythons
  3 bats
  3 giant cockroaches
  2 goblins (D:2)
  8 hobgoblins
  2 quokkas (D:4)
  4 frilled lizards
  14 kobolds
  12 rats
112 creatures vanquished.

Notes
Turn   | Place    | Note
-------+----------+-------------------------------------------
     0 | D:1      | TrebMcFLY the Hill Orc Fighter began the quest for the Orb.
     0 | D:1      | Reached XP level 1. HP: 19/19 MP: 1/1
    85 | D:1      | Reached skill level 3 in Axes
   104 | D:1      | Reached XP level 2. HP: 27/27 MP: 2/2
   252 | D:1      | Reached XP level 3. HP: 33/33 MP: 3/3
  1043 | D:2      | Reached skill level 4 in Axes
  1121 | D:2      | Reached XP level 4. HP: 39/40 MP: 4/4
  1301 | D:2      | Found a hazy altar of Hepliaklqana.
  2394 | D:3      | Reached XP level 5. HP: 23/47 MP: 5/5
  2400 | D:3      | Reached skill level 5 in Axes
  2416 | D:3      | Found a glowing golden altar of the Shining One.
  2587 | D:3      | Found a glowing drain.
  2601 | Sewer    | Entered a sewer
  2837 | Sewer    | Reached XP level 6. HP: 55/55 MP: 6/6
  3636 | D:3      | Reached skill level 5 in Fighting
  3742 | D:3      | Found a faded altar of an unknown god.
  3973 | D:4      | Got a brightly glowing short sword
  4076 | D:4      | Found an opulent altar of Gozag.
  4187 | D:4      | Reached skill level 6 in Axes
  4205 | D:4      | Identified the +4 short sword of Dissent {pain, Str+4} (You
                  | found it on level 4 of the Dungeon)
  4244 | D:4      | Reached skill level 1 in Evocations
  4244 | D:4      | Reached XP level 7. HP: 61/61 MP: 7/7
  4262 | D:4      | Found a burning altar of Makhleb.
  4262 | D:4      | Found a stormy altar of Qazlal.
  4262 | D:4      | Found a deep blue altar of Sif Muna.
  4262 | D:4      | Found a sacrificial altar of Ru.
  4264 | D:4      | Found a white marble altar of Elyvilon.
  4300 | D:4      | Became a worshipper of Makhleb the Destroyer
  4374 | D:4      | Found a transporter.
  4374 | D:4      | Noticed DKeggars's ghost (novice GrFi)
  4412 | D:4      | Found a staircase to the Ecumenical Temple.
  4462 | D:4      | Reached skill level 7 in Axes
  4462 | D:4      | Reached skill level 5 in Armour
  4462 | D:4      | Reached skill level 5 in Shields
  4886 | D:5      | Entered Level 5 of the Dungeon
  4944 | D:5      | Reached XP level 8. HP: 68/70 MP: 9/9
  4961 | D:5      | HP: 2/70 [ice beast (8)]
  4963 | D:5      | Slain by an ice beast

Skill      XL: |  1  2  3  4  5  6  7 |
---------------+----------------------+-----
Axes           | 3 4 5 6 7 |  7.5
Fighting       | 4 5 |  5.7
Shields        | 4 5 |  5.3
Armour         | 4 5 |  5.2
Evocations     | 1 2 |  2.2
Invocations    | |  0.9

Action                   |  1- 3 |  4- 6 |  7- 9 || total
-------------------------+-------+-------+-------++-------
Melee: War axe           |    82 |   280 |    34 ||   396
       Short sword       |       |     9 |    58 ||    67
  Use: Scroll            |       |     6 |     1 ||     7
  Eat: Chunk             |     1 |    11 |     2 ||    14
Armor: Scale mail        |    27 |    39 |       ||    66
       Chain mail        |       |    94 |    55 ||   149
Dodge: Dodged            |    21 |    60 |    26 ||   107
Block: Shield            |    39 |   159 |    69 ||   267
